AoeStats
← Michi3052

Arena

509734844Analyzed
1v1 RM · 4d ago on Sep 27, 2026· 51m 2s· 2 players
Game mode
Random Map
Map size
Tiny (2 player)
Population
200
Speed
Normal
Resources
Standard
Victory
Conquest
Starting age
Dark Age
Ending age
Imperial Age
RankedLock teamsTeams togetherTeam positionsShared explorationLock speedFull tech treeHidden civsTurbo modeCheats
Victory
Defeat
🇨🇷 Romans · Costa Rica
729
+16
🇪🇸 Turks · Spain
738
-16
alrocd01
8:43 Loom
10:45 Feudal Age
15:28 Castle Age
14:09 Double-Bit Axe
14:06 Horse Collar
22:46 Bow Saw
24:44 Heavy Plow
31:07 Imperial Age
29:09 Man-at-Arms
29:49 Squires
30:24 Long Swordsman
33:25 Conscription
32:47 Legionary
34:18 Scale Mail Armor
34:28 Forging
37:27 Heavy Scorpion
39:54 Scale Barding Armor
40:25 Iron Casting
40:06 Chain Mail Armor
45:21 Elite Skirmisher
46:50 Chain Barding Armor
46:21 Fletching
46:31 Padded Archer Armor
48:50 Bodkin Arrow
49:12 Leather Archer Armor
49:57 Blast Furnace
49:33 Plate Barding Armor
52:01 Ring Archer Armor
Michi3052
13:39 Feudal Age
17:20 Wheelbarrow
19:55 Castle Age
17:45 Horse Collar
19:12 Double-Bit Axe
25:58 Imperial Age
24:52 Bow Saw
25:03 Fletching
25:15 Padded Archer Armor
25:26 Heavy Plow
25:20 Gold Mining
27:44 Bodkin Arrow
35:11 Hand Cart
36:06 Gold Shaft Mining
36:35 Two-Man Saw
38:08 Bracer
46:30 Stone Mining
49:38 Leather Archer Armor
Connection lost

Rejoining the realm…

Still unreachable

The connection could not be restored.

Session expired

The server has moved on; the page needs a fresh start.